AoeStats
← HenryDxebec

Black Forest

509805330Analyzed
4v4 RM · 4d ago on Sep 28, 2026· 60m 36s· 8 players
Game mode
Random Map
Map size
Large (8 player)
Population
200
Speed
Normal
Resources
Standard
Victory
Conquest
Starting age
Dark Age
Ending age
Imperial Age
RankedLock teamsTeams togetherTeam positionsShared explorationLock speedFull tech treeHidden civsTurbo modeCheats
Victory
Defeat
🇵🇪 Hindustanis · Peru
1046
+10
🇺🇸 Celts · United States
898
+15
🇨🇱 Spanish · Chile
787
+20
🇧🇷 Spanish · Brazil
770
+20
🇲🇽 Georgians · Mexico
923
-18
🇺🇸 Malians · United States
889
-17
🇺🇸 Persians · United States
860
-15
🇦🇷 Celts · Argentina
854
-15
nicocaraza
0:29 Loom
14:58 Feudal Age
15:42 Horse Collar
23:02 Castle Age
28:33 Gold Mining
28:45 Heavy Plow
31:56 Gold Shaft Mining
34:06 Forging
33:57 Scale Mail Armor
40:27 Imperial Age
41:25 Iron Casting
42:07 Chain Mail Armor
43:14 Blast Furnace
44:34 Plate Mail Armor
48:12 Elite Skirmisher
49:32 Fletching
49:42 Padded Archer Armor
50:53 Bodkin Arrow
53:00 Leather Archer Armor
57:39 Heavy Mounted Crossbowman
ferandres99
1:38 Loom
10:40 Feudal Age
11:15 Double-Bit Axe
12:20 Town Watch
18:40 Castle Age
16:23 Horse Collar
20:39 Wheelbarrow
23:26 Caravan
24:36 Husbandry
24:47 Bloodlines
28:43 Fletching
28:57 Gold Mining
31:01 Heavy Plow
31:30 Scale Barding Armor
31:53 Bow Saw
36:04 Imperial Age
34:39 Forging
34:50 Chain Barding Armor
34:26 Bodkin Arrow
34:45 Masonry
34:56 Ballistics
34:31 Murder Holes
35:45 Cavalier
39:07 Gold Shaft Mining
40:53 Chemistry
40:29 Iron Casting
40:30 Plate Barding Armor
40:12 Hand Cart
40:01 Town Patrol
39:54 Stone Mining
41:45 Conscription
41:19 Crossbowman
42:04 Thumb Ring
42:34 Architecture
43:08 Blast Furnace
42:09 Padded Archer Armor
42:49 Crop Rotation
44:23 Savar
47:36 Heavy Scorpion
52:28 Scale Mail Armor
52:44 Leather Archer Armor
raul_ruizv
11:26 Feudal Age
11:21 Loom
18:27 Double-Bit Axe
18:36 Horse Collar
22:17 Castle Age
20:14 Stone Mining
20:18 Gold Mining
23:05 Heavy Plow
32:44 Caravan
35:24 Imperial Age
34:03 Bow Saw
35:28 Scale Barding Armor
36:14 Redemption
36:21 Block Printing
36:44 Theocracy
36:22 Fervor
36:35 Sanctity
37:38 Stone Shaft Mining
39:08 Wheelbarrow
38:18 Elite Monaspa
39:07 Aznauri Cavalry
42:36 Chain Barding Armor
42:28 Forging
42:49 Crop Rotation
42:45 Hand Cart
46:38 Plate Barding Armor
46:39 Iron Casting
46:37 Bloodlines
46:28 Husbandry
51:37 Light Cavalry
52:55 Pikeman
53:02 Hussar
53:46 Gambesons
54:02 Squires
53:54 Halberdier
又菜又爱玩
0:30 Loom
18:26 Feudal Age
18:51 Fishing Lines
19:57 Double-Bit Axe
21:22 Horse Collar
23:50 Castle Age
21:46 Fishing Lines
22:38 Stone Mining
25:51 Wheelbarrow
25:32 Bow Saw
28:11 Fervor
30:06 Gillnets
30:16 Gold Mining
31:44 Fletching
32:06 Heavy Plow
33:02 Bodkin Arrow
37:08 Imperial Age
35:35 Tigui
37:06 Hand Cart
36:56 Scale Mail Armor
37:06 Forging
36:57 Padded Archer Armor
36:43 Pikeman
37:24 Squires
37:10 Arson
38:03 Ballistics
38:29 Gold Shaft Mining
38:29 Stone Shaft Mining
38:57 Chemistry
38:19 Chain Mail Armor
39:39 Iron Casting
39:24 Leather Archer Armor
39:21 Man-at-Arms
44:10 Conscription
50:30 Ring Archer Armor
theilor.taiariol
14:44 Feudal Age
17:14 Fishing Lines
20:43 Gold Mining
20:43 Stone Mining
20:46 Double-Bit Axe
25:33 Castle Age
26:57 Stone Mining
28:50 Scale Mail Armor
32:51 Forging
32:56 Chain Mail Armor
32:33 Fletching
32:43 Padded Archer Armor
32:49 Scale Barding Armor
34:14 Caravan
37:27 Imperial Age
35:26 Bow Saw
34:59 Horse Collar
35:40 Heavy Plow
38:54 Elite Conquistador
39:55 Conscription
39:36 Inquisition
39:57 Supremacy
40:15 Iron Casting
39:57 Leather Archer Armor
39:21 Pikeman
40:07 Squires
39:53 Gambesons
40:27 Halberdier
40:28 Man-at-Arms
40:53 Arson
41:15 Long Swordsman
42:29 Bodkin Arrow
42:49 Cavalier
43:29 Husbandry
42:51 Light Cavalry
43:41 Bloodlines
48:07 Plate Mail Armor
48:37 Blast Furnace
47:38 Bracer
47:59 Chain Barding Armor
48:10 Ring Archer Armor
49:12 Wheelbarrow
48:23 Loom
48:25 Town Watch
49:22 Paladin
53:39 Two-Handed Swordsman
HenryDxebec
12:39 Feudal Age
13:01 Fishing Lines
13:17 Double-Bit Axe
15:26 Horse Collar
22:21 Castle Age
21:17 Gold Mining
21:22 Stone Mining
22:11 Wheelbarrow
24:09 Stone Shaft Mining
23:51 Bow Saw
25:16 Heavy Plow
25:14 Gillnets
26:51 Hand Cart
32:04 Imperial Age
32:12 Forging
32:03 Padded Archer Armor
31:53 Fletching
32:30 Bloodlines
32:21 Husbandry
32:57 Scale Mail Armor
33:02 Scale Barding Armor
33:23 Conscription
34:46 Two-Man Saw
33:57 Caravan
34:08 Guilds
35:23 Chemistry
34:44 Ballistics
35:06 Iron Casting
35:09 Elite Conquistador
35:56 Pikeman
36:39 Squires
37:14 Elite Skirmisher
37:34 Halberdier
39:31 Supremacy
48:30 Chain Barding Armor
48:26 Chain Mail Armor
49:11 Blast Furnace
48:27 Leather Archer Armor
48:07 Bodkin Arrow
48:26 Masonry
48:07 Guard Tower
52:20 Arson
52:22 Gambesons
DS_lenino
0:34 Loom
13:09 Feudal Age
17:21 Castle Age
15:19 Double-Bit Axe
16:04 Gold Mining
16:17 Horse Collar
24:01 Arson
25:20 Pikeman
28:48 Wheelbarrow
28:00 Town Watch
30:43 Hand Cart
30:30 Town Patrol
38:28 Forging
38:18 Scale Mail Armor
38:24 Scale Barding Armor
38:14 Fletching
38:43 Stone Mining
42:22 Iron Casting
42:03 Chain Mail Armor
42:39 Husbandry
46:10 Heavy Plow
46:23 Bow Saw
46:42 Bodkin Arrow
46:47 Padded Archer Armor
54:28 Imperial Age
52:57 Leather Archer Armor
53:03 Chain Barding Armor
52:09 Light Cavalry
55:04 Gold Mining
55:41 Heavy Scorpion
56:30 Caravan
57:01 Coinage
56:42 Guilds
57:01 Elite Skirmisher
58:14 Ring Archer Armor
58:15 Plate Mail Armor
58:45 Blast Furnace
59:17 Capped Ram
61:51 Chemistry
61:03 Masonry
61:00 Siege Engineers
60:53 Murder Holes
marshall_o18
0:39 Loom
13:42 Feudal Age
20:04 Castle Age
32:32 Imperial Age
30:40 Fishing Lines
31:57 Gillnets
32:31 Double-Bit Axe
34:58 Chemistry
34:09 Fortified Wall
33:38 Pikeman
34:04 Arson
34:20 Squires
34:28 Town Watch
36:10 Town Patrol
40:47 Scale Mail Armor
40:58 Forging
41:56 Wheelbarrow
43:29 Chain Mail Armor
43:49 Iron Casting
43:05 Fletching
44:09 Padded Archer Armor
46:00 Shatagni
46:01 Grand Trunk Road
48:44 Hoardings
50:40 Leather Archer Armor
50:21 Bodkin Arrow
56:27 Ring Archer Armor
55:57 Bracer
56:58 Blast Furnace
57:49 Onager
59:04 Scale Barding Armor
61:17 Ballistics
61:08 Masonry
Connection lost

Rejoining the realm…

Still unreachable

The connection could not be restored.

Session expired

The server has moved on; the page needs a fresh start.